 Dungeon Crawl Stone Soup version 0.27.1-33-g824d729ab1 (webtiles) character file.

Game seed: 1947248235723933115

143168 raph the Devastator (level 16, -2/93 HPs)
             Began as a Deep Elf Earth Elementalist on Dec 27, 2021.
             Was an Elder of Sif Muna.
             Succumbed to Donald's poison
             ... on level 3 of the Lair of Beasts.
             The game lasted 01:51:03 (53679 turns).

raph the Devastator (Deep Elf Earth Elementalist)  Turns: 53679, Time: 01:51:04

Health: -2/93      AC: 20    Str:  9    XL:     16   Next: 82%
Magic:  7/33       EV: 18    Int: 28    God:    Sif Muna [****..]
Gold:   839        SH:  7    Dex: 19    Spells: 2/38 levels left

rFire    + . .     SeeInvis .   a - +5 whip (pain)
rCold    . . .     Faith    .   q - +1 buckler
rNeg     + + .     Spirit   .   B - +2 steam dragon scales
rPois    .         Reflect  .   F - +2 helmet
rElec    .         Harm     .   u - +1 cloak
rCorr    +         Rampage  .   n - +1 pair of gloves
Will     +....                  P - +1 pair of boots
Stlth    ++++......             A - amulet of regeneration
HPRegen  1.25/turn              i - +4 ring of protection
MPRegen  0.23/turn              b - ring of Wistreg {rF+ rN++ rCorr Str+4 Dex+4}

@: lethally poisoned (-2 -> -17), studying 3 skills
A: no striking features
a: Renounce Religion, Channel Magic, Forget Spell, Divine Exegesis


You were on level 3 of the Lair of Beasts.
You worshipped Sif Muna.
Sif Muna was greatly pleased with you.
You visited 5 branches of the dungeon, and saw 25 of its levels.
You also visited: Gauntlet and Volcano.

You collected 2957 gold pieces.
You spent 2118 gold pieces at shops.

Inventory:

Hand Weapons
 a - a +5 whip of pain (weapon)
Missiles
 c - 530 stones
 z - a throwing net
Armour
 n - a +1 pair of gloves (worn)
 q - a +1 buckler (worn)
 u - a +1 cloak (worn)
 B - +2 steam dragon scales (worn)
 F - a +2 helmet (worn)
 P - a +1 pair of boots (worn)
Magical Staves
 O - a staff of earth
Jewellery
 b - the ring of Wistreg (right hand) {rF+ rN++ rCorr Str+4 Dex+4}
   (You found it on level 6 of the Lair of Beasts)

   [ring of resist corrosion]

   Str:       It affects your strength (+4).
   Dex:       It affects your dexterity (+4).
   rF:        It protects you from fire.
   rN:        It greatly protects you from negative energy.
   rCorr:     It protects you from acid and corrosion.
 e - a ring of see invisible
 g - a +4 ring of evasion
 i - a +4 ring of protection (left hand)
 l - a ring of flight
 t - a +6 ring of intelligence
 A - an amulet of regeneration (around neck)
 L - a ring of protection from cold
Wands
 m - a wand of polymorph (13)
 p - a wand of paralysis (31)
 v - a wand of mindburst (14)
 C - a wand of charming (18)
 G - a wand of iceblast (27)
 U - a wand of acid (20)
 W - a wand of flame (19)
Scrolls
 h - 13 scrolls of identify
 k - a scroll of magic mapping
 o - a scroll of silence
 r - a scroll of holy word
 x - 2 scrolls of amnesia
 y - a scroll of fear
 D - 2 scrolls of fog
 J - 10 scrolls of teleportation
 V - 3 scrolls of immolation
 Y - 2 scrolls of blinking
Potions
 d - a potion of cancellation
 f - 13 potions of curing
 j - 4 potions of might
 w - 3 potions of magic
 E - 2 potions of lignification
 H - 3 potions of mutation
 K - 2 potions of heal wounds
 M - 6 potions of ambrosia
 R - 2 potions of attraction
 S - 5 potions of flight
 T - a potion of brilliance
 X - 2 potions of berserk rage
Miscellaneous
 s - a box of beasts
 Z - a phial of floods


   Skills:
 * Level 8.2 Fighting
 + Level 3.3 Maces & Flails
 - Level 2.0 Armour
 * Level 9.0 Dodging
 - Level 9.0 Stealth
 - Level 4.0 Shields
 + Level 11.5 Spellcasting
 * Level 15.6 Conjurations
 - Level 10.5 Hexes
 + Level 12.6 Necromancy
 - Level 2.4 Translocations
 - Level 3.9 Transmutations
 - Level 7.0 Air Magic
 - Level 10.5 Earth Magic
 + Level 11.8 Invocations


You had 2 spell levels left.
You knew the following spells:

 Your Spells              Type           Power      Damage    Failure   Level
a - Sandblast             Erth           100%       2d20      1%          1
b - Passwall              Tmut/Erth      45%        N/A       1%          2
c - Stone Arrow           Conj/Erth      100%       3d13      1%          3
d - Orb of Destruction    Conj           40%        9d14      4%          7
e - Iskenderun's Mystic   Conj/Tloc      61%        2d13      1%          4
f - Dazzling Flash        Conj/Hex       100%       N/A       1%          3
g - Borgnjor's Vile Clut  Necr/Erth      34%        N/A       1%          5
h - Lightning Bolt        Conj/Air       34%        1d51      1%          5
i - Animate Dead          Necr           36%        N/A       1%          4
j - Blink                 Tloc           N/A        N/A       1%          2

Your spell library contained the following spells:

 Spells                   Type           Power      Damage    Failure   Level
 Magic Dart               Conj           100%       1d8       0%          1
 Searing Ray              Conj           100%       3d7       0%          2
 Shock                    Conj/Air       100%       1d9       1%          1
 Sublimation of Blood     Necr           36%        N/A       1%          2
 Wereblood                Tmut           38%        N/A       1%          2
 Swiftness                Air            53%        N/A       1%          3
 Airstrike                Air            26%        N/A       1%          4
 Cause Fear               Hex            33%        N/A       1%          4
 Fulminant Prism          Conj/Hex       37%        3d18      1%          4
 Leda's Liquefaction      Hex/Erth       33%        N/A       1%          4
 Petrify                  Tmut/Erth      54%        N/A       1%          4
 Agony                    Necr           72%        N/A       1%          5
 Irradiate                Conj/Tmut      31%        3d24      1%          5
 Bolt of Magma            Conj/Fire/Erth 30%        4d14      2%          5
 Silence                  Hex/Air        30%        N/A       2%          5
 Fireball                 Conj/Fire      28%        3d12      3%          5
 Death Channel            Necr           36%        N/A       3%          6
 Freezing Cloud           Conj/Ice/Air   27%        6-21      4%          5
 Yara's Violent Unravell  Hex/Tmut       27%        3d12      4%          5
 Conjure Ball Lightning   Conj/Air       34%        3x3d11    4%          6
 Summon Lightning Spire   Summ/Air       35%        N/A       9%          4
 Blade Hands              Tmut           19%        N/A       19%         5
 Starburst                Conj/Fire      28%        6d9       22%         6
 Statue Form              Tmut/Erth      36%        N/A       26%         6
 Manifold Assault         Tloc           29%        N/A       34%         5
 Dispersal                Tloc           14%        N/A       89%         6
 Storm Form               Tmut/Air       23%        N/A       97%         7
 Dragon Form              Tmut           19%        N/A       99%         7
 Summon Hydra             Summ           8%         N/A       100%        7
 Disjunction              Tloc           14%        N/A       100%        8


Dungeon Overview and Level Annotations

Branches:
Dungeon (15/15)            Temple (1/1) D:7            Lair (6/6) D:10
 Shoals (1/4) Lair:3       Spider (0/4) Lair:4        Slime (0/5) Lair:6
    Orc (2/2) D:12            Elf (0/3) Orc:2        Vaults (0/5) D:13
 Depths (0/5) D:15        Volcano (visited)         Gauntlet (visited)

Altars:
Ashenzari
Cheibriados
Dithmenos
Elyvilon
Fedhas
Gozag
Hepliaklqana
Kikubaaqudgha
Makhleb
Nemelex Xobeh
Okawaru
Qazlal
Ru
Sif Muna
Trog
Uskayaw
Vehumet
Wu Jian
Xom
Yredelemnul
Zin
The Shining One
Beogh
Jiyva

Shops:
D:4 :   D:14 (   Orc:1 !   Orc:2 :=*:?(:*

Portals:
Abyss: Lair:1
Trove: D:11 (give +8 demon blade)

Annotations:
Lair:1 ; dragon treasure
Lair:5 1 runed translucent door, Thalamas's ghost, journeyman MiBe
Shoals:1 Donald


Message History

The javelin closely misses you.
Casting: Lightning Bolt (dangerous; 1% risk of failure)
Confirm with . or Enter, or press ? or * to list all spells.
Aiming: Lightning Bolt (dangerous; 1% risk of failure)
Press: ? - help, Shift-Dir - straight line You hear a mighty clap of thunder!
The bolt of lightning misses the merfolk javelineer.
The merfolk javelineer throws a javelin.
The javelin closely misses you.
Donald hits you from afar with a +4 demon trident of venom!!
You are poisoned.
Casting: Lightning Bolt (dangerous; 1% risk of failure)
Confirm with . or Enter, or press ? or * to list all spells.
Aiming: Lightning Bolt (dangerous; 1% risk of failure)
Press: ? - help, Shift-Dir - straight line You hear a mighty clap of thunder!
The bolt of lightning misses the merfolk javelineer.
You feel very sick.
You hear an angry hiss.
The merfolk javelineer throws a javelin.
The javelin pierces through you.
* * * LOW HITPOINT WARNING * * *
Donald hits you from afar with a +4 demon trident of venom!
* * * LOW HITPOINT WARNING * * *
You are lethally poisoned!
You feel much better.
You feel extremely sick. Donald barely misses you.
The merfolk javelineer throws a javelin.
The javelin pierces through you!
* * * LOW HITPOINT WARNING * * *
Donald closely misses you.
* * * LOW HITPOINT WARNING * * *
You feel extremely sick.
The merfolk javelineer throws a javelin.
The javelin pierces through you.
* * * LOW HITPOINT WARNING * * *
Donald closely misses you.
You climb upwards.
Welcome back to the Lair of Beasts!
You die...

##.##...................#.#.#.###
#.###....##...+..#.....#####.#.##
#..#.....#####....≈....##.......#
...##....# ##≈≈≈.≈≈≈...##.......#
...##....###≈≈≈≈.≈≈≈≈..##...=...P
...P#....##≈≈≈##'##≈≈≈..#.......#
#..##....#≈≈≈##...##≈≈.#........#
#........#≈≈≈#.....#≈≈..........#
...##....≈≈≈≈#..@..#≈≈.###..#.P##
##.##......≈≈#.....#≈≈.(###...##
.#..#......≈≈##...##≈≈.........##
...........≈≈≈#####≈≈≈........##.
..<.........≈≈≈≈≈≈≈≈≈[.......#...
.............≈≈≈≈≈≈≈.........#..#
............≈#P≈≈#≈..........#.##
#######...########P..............
# ### #(..##......+...######...#.


There were no monsters in sight!

Vanquished Creatures
  Rupert (D:13)
  Jorgrun (D:12)
  Agnes (D:14)
  The ghost of Suoss the Frost Mage, a journeyman DsIE of Ru (D:14)
  A stone giant (D:15)
  2 deep elf annihilators
  Snorg (Lair:5)
  2 fire dragons
  The ghost of Jazqba the Severer, a journeyman HOGl of Ashenzari (Lair:1)
  Josephine (D:10)
  Fannar (Lair:1)
  13 hydras
  5 centaur warriors
  4 catoblepae
  3 boulder beetles
  2 death knights
  5 two-headed ogres
  An ogre mage (D:15)
  A thrashing horror (Lair:1)
  A sun demon (Volcano)
  A hell knight (Volcano)
  17 death yaks
  3 orc high priests (Orc:2)
  Nergalle (Lair:4)
  4 skeletal warriors
  A glowing orange brain (Lair:1)
  A sixfirhy (Lair:1)
  A glowing orange brain (shapeshifter) (D:13)
  A wizard (D:14)
  7 orc knights
  2 lindwurms
  6 orc sorcerers
  A deep elf zephyrmancer (D:13)
  44 ugly things
  9 cyclopes
  An orb spider (Lair:4)
  2 deep elf pyromancers (D:13)
  A faun (Shoals:1)
  A cyclops (shapeshifter) (D:13)
  5 oklob plants
  A merfolk siren (Shoals:1)
  10 elephants (Lair:6)
  7 black mambas
  6 manticores
  A guardian serpent (shapeshifter) (Lair:1)
  Maggie (D:7)
  4 centaur skeletons (D:13)
  12 cane toads
  3 kobold demonologists (D:13)
  An unseen horror (D:13)
  Psyche (D:8)
  A gargoyle (D:12)
  A torpor snail (Lair:6)
  9 rime drakes
  An efreet (D:13)
  20 komodo dragons
  A tengu conjurer (D:13)
  An ancient zyme (Lair:1)
  3 freezing wraiths (D:15)
  6 trolls
  2 red devils (Volcano)
  3 merfolk (Shoals:1)
  Grinder (D:6)
  15 blink frogs
  3 slime creatures (D:13)
  A raiju (Lair:1)
  7 dream sheep
  A dream sheep (shapeshifter) (D:13)
  2 snapping turtles
  2 shadows
  2 vampires
  6 wraiths
  16 yaks
  A spriggan (Lair:1)
  9 water elementals
  3 fire bats
  10 wyverns
  Grum (D:9)
  4 steam dragons
  9 vampire mosquitoes
  9 basilisks
  3 wargs
  21 water moccasins
  Duvessa (D:5)
  2 acid dragons (D:11)
  5 hell hounds
  4 black bears
  24 orc warriors
  A sky beast (D:7)
  2 boggarts (D:13)
  13 ogres
  35 wolves
  5 centaurs
  A phantom (D:7)
  3 kobold brigands
  13 bullfrogs
  Dowan (D:5)
  A scorpion (D:4)
  A water moccasin zombie (D:7)
  A wyvern zombie (D:8)
  A wyvern skeleton (D:7)
  6 killer bees (D:5)
  7 electric eels
  8 howler monkeys
  3 centaur zombies
  5 hounds
  A bullfrog skeleton (D:6)
  2 gnoll shamans
  2 jellies
  Crazy Yiuf (D:4)
  20 orc priests
  17 iguanas
  A scorpion zombie (D:5)
  21 hell rats
  22 orc wizards
  2 howler monkey zombies
  8 gnolls
  3 adders
  A white imp (D:8)
  An adder skeleton (D:4)
  A worm (D:3)
  2 dart slugs
  91 orcs
  3 bats
  An endoplasm (D:4)
  6 giant cockroaches
  4 goblins
  4 hobgoblins
  3 quokkas
  4 ball pythons
  19 frilled lizards
  A jackal skeleton (D:4)
  15 kobolds
  2 rats
779 creatures vanquished.

Vanquished Creatures (collateral kills)
  A deep elf zephyrmancer (D:13)
  A dream sheep (Lair:6)
  A yak (D:12)
  An orc (D:13)
4 creatures vanquished.

Vanquished Creatures (others)
  A merfolk aquamancer (Shoals:1)
  A deep elf knight (D:13)
  A cyclops (D:13)
  An orc priest (Orc:2)
  An orc (Orc:2)
  A frilled lizard (Lair:2)
  67 fulminant prisms
  55 fungi
  126 plants
254 creatures vanquished.

Grand Total: 1037 creatures vanquished

Notes
Turn   | Place    | Note
-------+----------+-------------------------------------------
     0 | D:1      | raph the Deep Elf Earth Elementalist began the quest for
                  | the Orb.
     0 | D:1      | Reached XP level 1. HP: 10/10 MP: 6/6
   292 | D:1      | Reached XP level 2. HP: 15/15 MP: 4/8
   344 | D:1      | Learned a level 2 spell: Passwall
   408 | D:1      | Found a faded altar of an unknown god.
  1646 | D:3      | Reached XP level 3. HP: 19/19 MP: 9/9
  1651 | D:3      | Learned a level 3 spell: Stone Arrow
  1680 | D:3      | Noticed an ogre
  1685 | D:3      | Killed an ogre
  1686 | D:3      | Reached skill level 2 in Conjurations
  1686 | D:3      | Reached skill level 5 in Earth Magic
  1686 | D:3      | Reached XP level 4. HP: 24/24 MP: 5/10
  2393 | D:3      | Found a glowing silver altar of Zin.
  2436 | D:4      | Reached XP level 5. HP: 28/28 MP: 6/11
  2556 | D:4      | Reached skill level 3 in Conjurations
  2649 | D:4      | Found an ornate altar of the Wu Jian Council.
  2653 | D:4      | Noticed an ogre
  2667 | D:4      | Killed an ogre
  2668 | D:4      | Reached XP level 6. HP: 32/32 MP: 8/12
  2712 | D:4      | Reached skill level 4 in Conjurations
  3491 | D:4      | Found Ran Wine's Book Boutique.
  3540 | D:4      | Found a runed translucent door.
  3541 | D:4      | Noticed Crazy Yiuf
  3557 | D:4      | Killed Crazy Yiuf
  3640 | D:4      | Identified the +11 mace of Rici {flame, Drain rC- Int+5
                  | SInv}
  3842 | D:5      | Entered Level 5 of the Dungeon
  3850 | D:5      | Reached skill level 1 in Shields
  4065 | D:5      | Reached XP level 7. HP: 36/36 MP: 5/13
  4185 | D:5      | Noticed Duvessa
  4185 | D:5      | Noticed Dowan
  4226 | D:5      | HP: 1/36 [Duvessa (8)]
  5045 | D:5      | Learned a level 4 spell: Fulminant Prism
  5518 | D:5      | Reached skill level 5 in Conjurations
  5871 | D:5      | Reached XP level 8. HP: 42/42 MP: 12/15
  5875 | D:5      | Reached skill level 1 in Fighting
  6319 | D:5      | Reached skill level 6 in Conjurations
  6690 | D:5      | Killed Duvessa
  6691 | D:5      | Reached skill level 5 in Spellcasting
  6859 | D:5      | Killed Dowan
  7069 | D:6      | Reached XP level 9. HP: 48/48 MP: 6/18
  7085 | D:6      | Noticed Grinder
  7370 | D:6      | Reached skill level 7 in Conjurations
  7681 | D:6      | Killed Grinder
  8174 | D:6      | Learned a level 4 spell: Iskenderun's Mystic Blast
  8178 | D:6      | Learned a level 3 spell: Dazzling Flash
  8682 | D:7      | Found a staircase to the Ecumenical Temple.
  8686 | D:7      | Noticed Maggie
  8688 | Temple   | Entered the Ecumenical Temple
  8742 | Temple   | Became a worshipper of Sif Muna the Loreminder
  8965 | D:7      | Reached skill level 8 in Conjurations
  9172 | D:7      | Killed Maggie
  9346 | D:7      | Found a sacrificial altar of Ru.
  9346 | D:7      | Found a basalt altar of Yredelemnul.
 10029 | D:8      | Noticed a cyclops
 10527 | D:4      | Bought a book of the Warp for 384 gold pieces
 10927 | D:8      | Reached * piety under Sif Muna
 10928 | D:8      | Reached XP level 10. HP: 55/55 MP: 15/20
 11340 | D:8      | Killed a cyclops
 11341 | D:8      | Reached skill level 1 in Translocations
 11341 | D:8      | Reached skill level 10 in Earth Magic
 11353 | D:8      | Found a stormy altar of Qazlal.
 11549 | D:8      | Found a glowing golden altar of the Shining One.
 11972 | D:9      | Noticed Grum
 12067 | D:9      | Noticed Psyche
 12220 | D:9      | Noticed a boulder beetle
 12612 | D:9      | Killed Grum
 12613 | D:9      | Reached skill level 9 in Conjurations
 12785 | D:8      | Paralysed by something for 3 turns
 12791 | D:8      | Killed Psyche
 12792 | D:8      | Reached skill level 1 in Hexes
 13036 | D:9      | Killed a boulder beetle
 13440 | D:10     | Entered Level 10 of the Dungeon
 13596 | D:10     | Reached skill level 5 in Invocations
 13923 | D:10     | Found a staircase to the Lair.
 14173 | D:10     | Reached skill level 5 in Hexes
 14206 | D:10     | Reached skill level 10 in Conjurations
 14301 | D:10     | Noticed Josephine
 14309 | D:10     | Killed Josephine
 14310 | D:10     | Reached XP level 11. HP: 59/59 MP: 9/21
 14708 | D:10     | Found a snail-covered altar of Cheibriados.
 14829 | D:11     | Found a gate leading to a gauntlet.
 14831 | D:11     | Found a portal to a secret trove of treasure.
 14836 | Gauntlet | Entered a Gauntlet
 14836 | Gauntlet | Noticed a white ugly thing
 14836 | Gauntlet | Noticed a cyan ugly thing
 14836 | Gauntlet | Found a transporter.
 14840 | Gauntlet | Noticed a catoblepas
 14843 | Gauntlet | Noticed a fire crab
 14845 | Gauntlet | Found a transporter.
 14847 | Gauntlet | Found a transporter.
 14850 | Gauntlet | Found a transporter.
 14851 | Gauntlet | Found a transporter.
 14852 | Gauntlet | Found a transporter.
 14858 | Gauntlet | Found a runed translucent gate.
 14858 | Gauntlet | Found a runed translucent gate.
 14858 | Gauntlet | Found a runed translucent gate.
 14860 | Gauntlet | Found a transporter.
 14860 | Gauntlet | Noticed a ghost crab
 14872 | Gauntlet | Found a transporter.
 14875 | Gauntlet | Noticed a catoblepas
 14927 | Gauntlet | Noticed a great orb of eyes
 14930 | Gauntlet | Found a transporter.
 14942 | Gauntlet | Found a transporter.
 14946 | Gauntlet | Found a transporter.
 14964 | Gauntlet | Found a transporter.
 15159 | Lair:1   | Entered Level 1 of the Lair of Beasts
 15295 | Lair:1   | Noticed a lindwurm
 15295 | Lair:1   | a human changed into a lindwurm
 15300 | Lair:1   | Noticed a thrashing horror
 15309 | Lair:1   | Found a one-way gate to the infinite horrors of the Abyss.
 15373 | Lair:1   | Noticed a glowing orange brain
 15650 | Lair:1   | Reached ** piety under Sif Muna
 15655 | Lair:1   | Reached skill level 11 in Conjurations
 15877 | Lair:1   | Noticed a six-headed hydra
 15885 | Lair:1   | Killed a six-headed hydra
 16026 | Lair:1   | Found a transporter.
 16028 | Lair:1   | Found a transporter.
 16033 | Lair:1   | Noticed Jazqba's ghost (journeyman HOGl)
 16054 | Lair:1   | Noticed a purple ugly thing
 16060 | Lair:1   | Noticed a green ugly thing
 16109 | Lair:1   | Noticed a fire dragon
 16123 | Lair:1   | Killed a fire dragon
 16849 | Lair:2   | Noticed Fannar
 16858 | Lair:1   | Killed Fannar
 17116 | Lair:2   | Reached XP level 12. HP: 64/64 MP: 15/24
 18272 | Lair:2   | Noticed a four-headed hydra
 18285 | Lair:2   | Killed a four-headed hydra
 18286 | Lair:2   | Reached skill level 12 in Conjurations
 18484 | Lair:2   | Reached skill level 10 in Hexes
 18573 | Lair:2   | Reached *** piety under Sif Muna
 19545 | Lair:2   | Identified the +1 leather armour of Grand Happiness {rCorr
                  | Str-4 Dex+3}
 21198 | Lair:3   | Found a staircase to the Shoals.
 21832 | Lair:4   | Learned a level 5 spell: Borgnjor's Vile Clutch
 22154 | Lair:4   | Noticed a death yak
 22207 | Lair:4   | Noticed a death yak
 22207 | Lair:4   | Noticed a death yak
 22215 | Lair:4   | Noticed a death yak
 22215 | Lair:4   | Killed a death yak
 22225 | Lair:4   | Killed a death yak
 22226 | Lair:4   | Reached skill level 5 in Necromancy
 22226 | Lair:4   | Reached XP level 13. HP: 69/69 MP: 16/27
 22876 | Lair:4   | Noticed Nergalle
 22881 | Lair:4   | Killed Nergalle
 23066 | Lair:4   | Reached **** piety under Sif Muna
 24066 | D:4      | Bought a book of Storms for 384 gold pieces
 24072 | D:4      | Learned a level 5 spell: Lightning Bolt
 24440 | Lair:4   | Reached skill level 1 in Air Magic
 24576 | Lair:4   | Found a hole to the Spider Nest.
 25201 | Lair:5   | Reached skill level 13 in Conjurations
 25408 | Lair:5   | Noticed Snorg
 26433 | Lair:5   | Killed Snorg
 26729 | Lair:5   | Found a runed translucent door.
 26729 | Lair:5   | Found a shimmering altar of Xom.
 26729 | Lair:5   | Noticed Thalamas's ghost (journeyman MiBe)
 26729 | Lair:5   | Identified the +7 great mace "Uffonwu" {chaos, Str+9 Int-5
                  | Stlth+}
 27376 | Lair:6   | Entered Level 6 of the Lair of Beasts
 27770 | Lair:6   | Found a staircase to the Slime Pits.
 27770 | Lair:6   | Found a viscous altar of Jiyva.
 29341 | D:11     | Reached skill level 5 in Fighting
 30101 | D:12     | Noticed Jorgrun
 30820 | D:12     | Killed Jorgrun
 30821 | D:12     | Reached XP level 14. HP: 33/78 MP: 18/29
 30964 | D:12     | Reached skill level 10 in Necromancy
 31158 | D:12     | Learned a level 4 spell: Animate Dead
 31607 | D:12     | Reached skill level 10 in Spellcasting
 32306 | D:12     | Found a staircase to the Orcish Mines.
 32747 | Orc:1    | Entered Level 1 of the Orcish Mines
 32766 | Orc:1    | Found Hell's Distillery.
 32831 | Orc:1    | Bought 2 potions of magic for 208 gold pieces
 33386 | Orc:1    | Reached skill level 5 in Air Magic
 33779 | Orc:2    | Entered Level 2 of the Orcish Mines
 34019 | Orc:2    | Found a staircase to the Elven Halls.
 34146 | Orc:2    | Found Nopig's Book Boutique.
 34152 | Orc:2    | Found Axadybb's CLEARANCE SALE! EVERYTHING MUST GO!.
 34190 | Orc:2    | Found a dark tunnel.
 34199 | Volcano  | Entered a volcano
 35055 | Orc:2    | Found Ziatwu's Antique Weapon Shop.
 35327 | Orc:2    | Reached skill level 14 in Conjurations
 35966 | Orc:2    | Paralysed by an orc sorcerer for 7 turns
 35970 | Orc:2    | Reached skill level 10 in Invocations
 37035 | Orc:2    | Found Loinot's Book Shoppe.
 37035 | Orc:2    | Found Hoaclarch's Book Boutique.
 37037 | Orc:2    | Found Wiecwil's Jewellery Shoppe.
 37037 | Orc:2    | Found Nobuih's Assorted Antiques.
 37053 | Orc:2    | Bought a scroll of teleportation for 87 gold pieces
 37057 | Orc:2    | Bought an Inescapable Atlas for 544 gold pieces
 37060 | Orc:2    | Learned a level 2 spell: Blink
 38509 | Lair:6   | Reached skill level 5 in Stealth
 39944 | Lair:6   | Reached XP level 15. HP: 85/85 MP: 19/31
 40905 | Lair:6   | Identified the ring of Wistreg {rF+ rN++ rCorr Str+4 Dex+4}
 41498 | Orc:2    | Found Haing's Magic Scroll Boutique.
 41506 | Orc:2    | Bought a scroll of blinking for 97 gold pieces
 41506 | Orc:2    | Bought a scroll of enchant armour for 97 gold pieces
 41506 | Orc:2    | Bought a scroll of enchant armour for 97 gold pieces
 41506 | Orc:2    | Bought a scroll of enchant armour for 97 gold pieces
 41506 | Orc:2    | Bought a scroll of teleportation for 39 gold pieces
 41506 | Orc:2    | Bought a scroll of teleportation for 39 gold pieces
 41506 | Orc:2    | Bought a scroll of magic mapping for 45 gold pieces
 41872 | D:13     | Reached ***** piety under Sif Muna
 42136 | D:13     | Noticed Rupert
 42364 | D:13     | Killed Rupert
 42572 | D:13     | Reached skill level 1 in Armour
 42922 | D:13     | Reached skill level 1 in Maces & Flails
 43217 | D:13     | Reached skill level 5 in Dodging
 43389 | D:13     | Received a gift from Sif Muna
 43428 | D:13     | Got Sif Muna's Catalogue of Confrontation and Lightness
                  | {god gift}
 43582 | D:13     | Found a gate to the Vaults.
 46207 | D:14     | Found a runed translucent gate.
 46207 | D:14     | Found a runed translucent gate.
 46208 | D:14     | Found a runed translucent gate.
 46209 | D:14     | Noticed Suoss's ghost (journeyman DsIE)
 46731 | D:14     | Found Tohus's Antique Weapon Emporium.
 47190 | D:14     | Received a gift from Sif Muna
 47191 | D:14     | Reached XP level 16. HP: 92/92 MP: 26/32
 47191 | D:14     | Got Zyuck's Disquisition on the Captivating Arsonist {god
                  | gift}
 47193 | D:14     | Reached skill level 15 in Conjurations
 47228 | D:14     | Noticed Agnes
 47246 | D:14     | Killed Agnes
 48431 | D:15     | Entered Level 15 of the Dungeon
 48441 | D:15     | Learned a level 7 spell: Orb of Destruction
 48775 | D:15     | Found an ancient bone altar of Kikubaaqudgha.
 51531 | D:15     | Found a staircase to the Depths.
 51914 | D:14     | Killed Suoss's ghost
 52236 | Lair:1   | Killed Jazqba's ghost
 52980 | Shoals:1 | Entered Level 1 of the Shoals
 53321 | Shoals:1 | Noticed Donald
 53678 | Shoals:1 | HP: 4/93 [merfolk javelineer/javelin (5)]
 53679 | Lair:3   | Succumbed to Donald's poison

Illustrated notes

Levels and vault maps discovered:
D:1:      dpeg_arrival_lava_temple_mockup, layout_loops_ring,
          hellmonk_ecumenical_altar_pennies_from_heaven, minmay_misc_feat_square
D:2:      layout_basic, minmay_crystal_room, minmay_splitting_lines
D:3:      layout_basic, zin_treasury
D:4:      layout_basic, nicolae_wu_jian_wuxing_cycle, serial_shops,
          nicolae_shop_statue_plus, minivault_1, minmay_manual_mail,
          uniq_crazy_yiuf_cottage
D:5:      black_bear_nest_2, layout_basic, ebering_dispersal_statue_hall,
          minmay_manual_mandibuliform, uniq_duvessa
D:6:      layout_cave_pools, nicolae_underground_beach, uniq_grinder
D:7:      layout_loops_ring, gammafunk_temple_overflow_statue,
          minmay_temple_entry_ruins, uniq_maggie
D:8:      layout_gridville, kennysheep_mini_moat,
          nicolae_qazlal_scattered_showers, special_room [special_room_orc]
D:9:      layout_rooms, small_chamber_with_monster, patterned_corridor,
          uniq_psyche, uniq_grum
D:10:     layout_basic, mainiacjoe_overflow_small_starburst, erik_lair_dragon,
          uniq_josephine
D:11:     layout_roguey, gauntlet_entry_generic, serial_co_window_serial,
          co_window_corner_a, co_window_of_opportunity_a,
          co_window_of_opportunity_a, co_window_paths_a,
          co_window_of_opportunity_a, co_window_paths_a, co_window_paths_a,
          co_window_broadway_a, co_window_broadway_c, co_window_2corner,
          co_window_2corner, co_window_corner_cb, co_window_corner_cb,
          co_window_paths_d, enter_trove_1, st_stairs_10
D:12:     layout_basic, hiddenorc2_lemuel, nicolae_wwwww, minmay_circle_x,
          uniq_jorgrun
D:13:     nzn_winding_woodlands_stair_cross [nzn_winding_woodlands_5x15_garden,
          nzn_winding_woodlands_center_triple_pond,
          nzn_winding_woodlands_5x15_split_checker,
          nzn_winding_woodlands_5x5_perimeter,
          nzn_winding_woodlands_5x5_default, nzn_winding_woodlands_5x15_crooked,
          nzn_winding_woodlands_center_pierced_h,
          nzn_winding_woodlands_5x15_concentric], layout_cave_pools,
          hangedman_vaults_entry_quadrant_bands, uniq_rupert
D:14:     layout_roguey [special_room_mythical_zoo], serial_shops,
          nicolae_shop_waterfront, gammafunk_ghost_hydra_chop, uniq_agnes
D:15:     grunt_enter_depths_giant_problem, layout_stronghold, serial_bayou,
          serial_bayou_crossing, serial_bayou_lagoon_b, serial_bayou_pond_d,
          serial_bayou_pond_c, portal_ice_cave_entry_frozen_things,
          kiku_gazebo_garden_becter
Temple:   eino_wide_crystal_templ
Lair:1:   dragon1_lemuel, layout_chaotic_city, gammafunk_ghost_abyssal_escape
Lair:2:   lemuel_reptile_caves, layout_gridlike, minmay_lair_oklob_chamber,
          infiniplex_staircase_pool_2, uniq_fannar
Lair:3:   layout_regular_city, minmay_shoals_entry_hut, grunt_megastairs_2
Lair:4:   layout_cave_pods, nicolae_spider_entry_orb_guardian, uniq_nergalle
Lair:5:   layout_gridlike, ebering_ghost_xom, uniq_snorg
Lair:6:   hangedman_lair_in_review, layout_long_grid, slime_altar_1
Shoals:1: layout_shoals, uniq_donald
Orc:1:    nicolae_orc_accident_2, layout_diamond_mine, serial_shops, shop
Orc:2:    grunt_orc_tribal_feast, layout_caves, nicolae_volcano_entry_batcave,
          serial_shops, shop, nicolae_shop_overgrown_old_shop,
          nicolae_shop_waterfront, nicolae_shop_clearance

Skill      XL: |  1  2  3  4  5  6  7  8  9 10 11 12 13 14 15 16 |
---------------+-------------------------------------------------+-----
Earth Magic    | 4 5 6 7 8 9 10 | 10.5
Conjurations   | 2 3 4 5 6 8 10 11 12 13 14 15 | 15.6
Shields        | 1 4 |  4.0
Fighting       | 2 3 5 6 7 8 |  8.2
Spellcasting   | 5 7 8 9 10 11 | 11.5
Dodging        | 3 6 9 |  9.0
Transmutations | 3 |  3.9
Translocations | 2 |  2.4
Invocations    | 6 8 9 10 11 | 11.8
Hexes          | 5 9 10 | 10.5
Necromancy     | 5 9 11 12 | 12.6
Air Magic      | 4 6 7 |  7.0
Stealth        | 5 7 9 |  9.0
Armour         | 2 |  2.0
Maces & Flails | 2 3 |  3.3

Action                   |  1- 3 |  4- 6 |  7- 9 | 10-12 | 13-15 | 16-18 || total
-------------------------+-------+-------+-------+-------+-------+-------++-------
Melee: Spear             |    28 |    29 |     8 |    50 |    23 |       ||   138
       Whip              |       |       |       |       |   261 |    42 ||   303
 Cast: Sandblast         |    15 |    17 |    72 |   150 |    75 |    30 ||   359
       Stone Arrow       |     1 |    21 |    82 |   130 |    50 |    14 ||   298
       Fulminant Prism   |       |       |    13 |    43 |    11 |       ||    67
       Passwall          |       |       |     2 |     3 |     3 |       ||     8
       Dazzling Flash    |       |       |     3 |     5 |       |       ||     8
       Iskenderun's Myst |       |       |     1 |    29 |    47 |    33 ||   110
       Borgnjor's Vile C |       |       |       |     6 |   211 |    31 ||   248
       Lightning Bolt    |       |       |       |       |   222 |    67 ||   289
       Animate Dead      |       |       |       |       |    12 |       ||    12
       Blink             |       |       |       |       |     5 |       ||     5
       Orb of Destructio |       |       |       |       |       |    25 ||    25
       Dispersal         |       |       |       |       |       |     1 ||     1
Invok: Channel Magic     |       |       |       |     3 |    14 |     7 ||    24
       Divine Exegesis   |       |       |       |       |       |     1 ||     1
Evoke: Wand              |       |       |     1 |     3 |     1 |     4 ||     9
  Use: Scroll            |     4 |     2 |     9 |    13 |    17 |     4 ||    49
       Potion            |       |       |       |       |     9 |     2 ||    11
 Stab: Sleeping          |       |     3 |       |       |       |       ||     3
       Invisible         |       |       |       |     1 |       |       ||     1
       Distracted        |       |       |       |       |     1 |       ||     1
Armor: Robe              |     6 |     4 |     7 |       |       |       ||    17
       Steam dragon scal |       |       |     8 |    61 |   219 |    53 ||   341
       Skin              |       |       |       |    10 |       |       ||    10
Dodge: Dodged            |    21 |    20 |    32 |   112 |   275 |   110 ||   570
Block: Buckler           |       |       |    16 |    27 |   112 |    39 ||   194
